 Dungeon Crawl Stone Soup version 0.18.1-50-g88ac8fd (webtiles) character file.

18449 KarmaPolice the Covert (level 12, -10/74 HPs)
             Began as a Vampire Enchanter on Sept 20, 2016.
             Was a High Priest of Kikubaaqudgha.
             Mangled by a komodo dragon (28 damage)
             ... on level 4 of the Lair of Beasts.
             The game lasted 01:23:11 (15916 turns).

KarmaPolice the Covert (Vampire Enchanter)         Turns: 15916, Time: 01:23:11

Health: -10/74     AC:  5    Str:  8    XL:     12   Next: 27%
Magic:  35/35      EV: 13    Int: 20    God:    Kikubaaqudgha [*****.]
Gold:   697        SH:  4    Dex: 16    Spells: 7 memorised, 7 levels left

rFire  . . .     SeeInvis +     t - +3 dagger
rCold  . . .     Gourm    .     u - +2 robe {MR+}
rNeg   + . .     Faith    .     (no shield)
rPois  .         Spirit   .     (no helmet)
rElec  .         Dismiss  .     (no cloak)
rCorr  .         Reflect  +     (no gloves)
SustAt .         Harm     .     l - +0 pair of boots
MR     +++..                    x - +4 amulet of reflection
Stlth  +++++++...               f - ring of magical power
                                s - ring of protection from magic

@: extremely resistant to hostile enchantments, extremely stealthy
A: fangs 3, see invisible, unbreathing
a: Bat Form, Receive Corpses, Torment, Renounce Religion


You were on level 4 of the Lair of Beasts.
You worshipped Kikubaaqudgha.
Kikubaaqudgha was extremely pleased with you.
You were not thirsty.

You visited 3 branches of the dungeon, and saw 14 of its levels.

You collected 697 gold pieces.

Inventory:

Hand Weapons
 t - a +3 dagger (weapon)
Armour
 l - a +0 pair of boots (worn)
 u - a +2 robe of magic resistance (worn)
Jewellery
 f - a ring of magical power (right hand)
 s - a ring of protection from magic (left hand)
 x - a +4 amulet of reflection (around neck)
Scrolls
 e - 2 scrolls of enchant weapon
 g - 2 scrolls of amnesia
 k - 4 scrolls of fog
 m - 4 scrolls of remove curse
 p - 2 scrolls of recharging
 q - a scroll of identify
 B - 3 scrolls of teleportation
 F - 2 scrolls of magic mapping
 L - a scroll of brand weapon {unknown}
Potions
 a - a potion of mutation {unknown}
 b - a potion of heal wounds {unknown}
 d - 8 potions of blood (quivered)
 h - a potion of might
 i - 6 potions of brilliance {unknown}
 j - 4 potions of curing {unknown}
 n - a potion of agility {unknown}
 o - 2 potions of magic {unknown}
 r - a potion of haste {unknown}
 w - 5 potions of degeneration {unknown}
 z - 2 potions of resistance {unknown}
 D - a potion of invisibility {unknown}
 E - a potion of cancellation {unknown}
 K - 2 potions of berserk rage {unknown}
Books
 c - a book of Maledictions

   Spells                             Type                      Level
   a - Corona                         Hexes                        1
   b - Ensorcelled Hibernation        Hexes/Ice                    2
   c - Confuse                        Hexes                        3
   d - Tukima's Dance                 Hexes                        3
   e - Dazzling Spray                 Conjuration/Hexes            3
 A - Kikubaaqudgha's Reference Book on Necromancy
   (Kikubaaqudgha gifted it to you on level 6 of the Dungeon)

   Spells                             Type                      Level
   a - Pain                           Necromancy                   1
   b - Corpse Rot                     Necromancy                   2
   c - Sublimation of Blood           Necromancy                   2
   d - Regeneration                   Charms/Necromancy            3
   e - Control Undead                 Necromancy                   4
 J - Kikubaaqudgha's Disquisition on Sinister Arts
   (Kikubaaqudgha gifted it to you on level 9 of the Dungeon)

   Spells                             Type                      Level
   a - Animate Dead                   Necromancy                   4
   b - Excruciating Wounds            Charms/Necromancy            5
   c - Bolt of Draining               Conjuration/Necromancy       5
   d - Dispel Undead                  Necromancy                   5
   e - Death Channel                  Necromancy                   6


   Skills:
 - Level 4.0 Short Blades
 + Level 3.1 Dodging
 - Level 14.1 Stealth
 + Level 10.0 Spellcasting
 + Level 11.5 Hexes
 + Level 9.4 Necromancy
 - Level 8.0 Ice Magic
   Level 2.8 Evocations


You had 7 spell levels left.
You knew the following spells:

 Your Spells              Type           Power        Failure   Level  Hunger
a - Corona                Hex            ######.      1%          1    None
b - Ensorcelled Hibernat  Hex/Ice        #####.       1%          2    None
c - Confuse               Hex            ######..     1%          3    None
d - Tukima's Dance        Hex            ######..     1%          3    None
e - Invisibility          Hex            ######..     12%         6    ######.
f - Control Undead        Necr           #####.....   1%          4    ##.....
g - Dispel Undead         Necr           #####...     6%          5    ####...


Dungeon Overview and Level Annotations

Branches:
Dungeon (9/15)             Temple (1/1) D:5            Lair (4/8) D:9
  Snake (0/4) Lair:4
  Swamp: Lair:3-6    Shoals: Lair:3-6       Orc: D:9-12

Altars:
Ashenzari
Cheibriados
Dithmenos
Elyvilon
Fedhas
Gozag
Kikubaaqudgha
Makhleb
Nemelex Xobeh
Okawaru
Pakellas
Qazlal
Ru
Sif Muna
Trog
Vehumet
Xom
Yredelemnul
Zin
The Shining One

Shops:
D:5 (   D:6 *   D:7 (   D:9 =


Innate Abilities, Weirdness & Mutations

You have razor-sharp teeth.
You have supernaturally acute eyesight.
You can survive without breathing.


Message History

There is a stone staircase leading up here.
You start resting.
Magic restored.
r - a sedimented emerald potion HP restored.
A komodo dragon comes into view.
The komodo dragon hisses angrily.
The komodo dragon bites you!!
You completely miss the komodo dragon. The komodo dragon bites you!!
* * * LOW HITPOINT WARNING * * *
You hit the plant.
The plant is lightly damaged.
The komodo dragon misses you.
Read which item? (? for menu, Esc to quit)
As you read the scroll of fear, it crumbles to dust.
You assume a fearsome visage.
The komodo dragon resists with some effort.
The komodo dragon bites you!!
You die...
Kikubaaqudgha rasps: "You have failed me!
Welcome... oblivion!"

..#
.....####..###....
..# .....#
#..P##...# ##..
#.#.#.###...##...#
#P..
##...#.#.#....#..#
#..#
#......#P.####..P
#..#
#................
#..#
###.P..#÷..P.>...
#..##
##.########..P..÷.
##.P### ####@####
###.÷...(
#..PP.###.#l..#.#
#.....#.P
##.............##
##...###..
#..#....##...P#
#..÷## #..
#########P..###
##...# ##. #......##
##..## #. #.......##
##...# ##
#..#..##.####..P.#
##
.......#..##.##.P#.#
#.


You could see a komodo dragon.

Vanquished Creatures
  A hill giant (D:7)
  Pikel (D:5)
  6 black mambas (Lair:4)
  3 elephants (Lair:3)
  4 spiny frogs
  4 komodo dragons
  A polar bear (Lair:3)
  Sigmund (D:4)
  2 basilisks
  10 yaks
  3 hippogriffs
  2 wargs (D:9)
  Duvessa (D:5)
  12 water moccasins
  11 porcupines
  9 ice beasts
  3 slaves (D:5)
  8 ogres
  4 orc warriors
  2 phantoms
  An eye of draining (D:9)
  6 wolves (Lair:2)
  10 centaurs
  8 crocodiles
  3 big kobolds
  Blork the orc (D:5)
  11 giant frogs
  2 wyvern skeletons
  Dowan (D:5)
  4 scorpions
  A vampire bat (Lair:1)
  4 howler monkeys
  An electric eel (Lair:2)
  2 crimson imps
  A giant frog zombie (D:8)
  4 jellies (D:9)
  9 hounds
  3 orc wizards (D:8)
  3 orc priests
  6 iguanas
  Jessica (D:6)
  3 giant frog skeletons
  11 worker ants
  6 sheep (Lair:4)
  3 hound skeletons
  A howler monkey zombie (D:9)
  4 gnolls (D:6)
  10 adders
  25 river rats
  An ooze (D:3)
  2 adder skeletons
  A dart slug (D:4)
  3 worms
  2 giant geckos
  21 orcs
  12 bats
  11 giant cockroaches
  11 hobgoblins
  18 kobolds
  2 quokkas
  A ball python (Lair:4)
  6 giant newts
  16 goblins
  4 quokka skeletons
  8 rats
352 creatures vanquished.

Vanquished Creatures (collateral kills)
  A two-headed ogre (D:9)
1 creature vanquished.

Vanquished Creatures (others)
  4 fungi
  3 plants
7 creatures vanquished.

Grand Total: 360 creatures vanquished

Notes
Turn   | Place    | Note
--------------------------------------------------------------
     0 | D:1      | KarmaPolice the Vampire Enchanter began the quest for the Orb.
     0 | D:1      | Reached XP level 1. HP: 13/13 MP: 3/3
   474 | D:1      | Reached XP level 2. HP: 19/19 MP: 5/5
   478 | D:1      | Learned a level 2 spell: Ensorcelled Hibernation
  1037 | D:2      | Reached XP level 3. HP: 23/24 MP: 3/6
  1095 | D:2      | Reached skill level 1 in Ice Magic
  1279 | D:2      | Reached skill level 5 in Stealth
  1810 | D:2      | Reached skill level 5 in Hexes
  2126 | D:2      | Reached XP level 4. HP: 29/30 MP: 2/7
  2418 | D:3      | Found a stormy altar of Qazlal.
  2579 | D:3      | Noticed a centaur
  2583 | D:3      | Killed a centaur
  2583 | D:3      | Reached XP level 5. HP: 35/35 MP: 7/9
  2773 | D:3      | Found a sacrificial altar of Ru.
  3074 | D:4      | Reached skill level 6 in Stealth
  3268 | D:4      | Learned a level 3 spell: Confuse
  3272 | D:4      | Learned a level 3 spell: Tukima's Dance
  3317 | D:4      | Noticed Sigmund
  3319 | D:4      | Killed Sigmund
  3319 | D:4      | Reached XP level 6. HP: 41/41 MP: 10/10
  3763 | D:4      | Reached XP level 7. HP: 46/46 MP: 12/12
  3874 | D:4      | Reached skill level 7 in Stealth
  4459 | D:5      | Entered Level 5 of the Dungeon
  4463 | D:5      | Found a staircase to the Ecumenical Temple.
  4471 | Temple   | Entered the Ecumenical Temple
  4516 | Temple   | Became a worshipper of Kikubaaqudgha
  4748 | D:5      | Noticed Duvessa
  4755 | D:5      | Noticed Dowan
  4767 | D:5      | Killed Duvessa
  4913 | D:5      | Noticed Pikel
  4985 | D:5      | Killed Dowan
  5060 | D:5      | Found Ohacihim's Antique Weapon Shop.
  5248 | D:5      | Noticed Blork the orc
  5519 | D:5      | Killed Blork the orc
  5519 | D:5      | Reached skill level 8 in Stealth
  5519 | D:5      | Reached XP level 8. HP: 52/52 MP: 9/14
  5900 | D:5      | Killed Pikel
  5900 | D:5      | Reached skill level 5 in Spellcasting
  5959 | D:5      | Reached skill level 9 in Stealth
  6048 | D:6      | Noticed Jessica
  6062 | D:6      | Killed Jessica
  6069 | D:6      | Found a deep blue altar of Sif Muna.
  6380 | D:6      | Reached skill level 1 in Necromancy
  6537 | D:6      | Reached XP level 9. HP: 57/57 MP: 17/17
  6552 | D:6      | Found Xysmah's General Store.
  6944 | D:6      | Reached * piety under Kikubaaqudgha
  6944 | D:6      | Received a gift from Kikubaaqudgha
  6969 | D:6      | Identified Kikubaaqudgha's Reference Book on Necromancy (Kikubaaqudgha gifted it to you on level 6 of the Dungeon)
  7061 | D:6      | Reached skill level 10 in Stealth
  7146 | D:7      | Found a radiant altar of Vehumet.
  7204 | D:7      | Noticed a hill giant
  7224 | D:7      | Learned a level 6 spell: Invisibility
  7372 | D:7      | Killed a hill giant
  7372 | D:7      | Reached skill level 10 in Hexes
  7584 | D:7      | Found Izxaetan's Weapon Boutique.
  7591 | D:7      | Reached skill level 11 in Stealth
  7591 | D:7      | Reached skill level 1 in Evocations
  7831 | D:7      | Found a shadowy altar of Dithmenos.
  7910 | D:8      | Found a glowing silver altar of Zin.
  7911 | D:8      | Found a bloodstained altar of Trog.
  7916 | D:8      | Found a glowing golden altar of the Shining One.
  7931 | D:8      | Found a burning altar of Makhleb.
  8031 | D:8      | Found a flagged portal.
  8094 | D:8      | Found an oddly glowing altar of Pakellas.
  8109 | D:8      | Reached XP level 10. HP: 63/63 MP: 20/20
  8206 | D:8      | Reached ** piety under Kikubaaqudgha
  8282 | D:8      | Reached skill level 5 in Necromancy
  8320 | D:8      | Found a shattered altar of Ashenzari.
  8892 | D:9      | Found a blossoming altar of Fedhas.
  9147 | D:9      | Learned a level 4 spell: Control Undead
  9153 | D:9      | Found a staircase to the Lair.
  9425 | D:9      | Reached skill level 12 in Stealth
  9556 | D:9      | Reached skill level 5 in Ice Magic
  9771 | D:9      | Found a deep blue altar of Sif Muna.
  9807 | D:9      | Reached *** piety under Kikubaaqudgha
  9807 | D:9      | Received a gift from Kikubaaqudgha
  9808 | D:9      | Identified Kikubaaqudgha's Disquisition on Sinister Arts (Kikubaaqudgha gifted it to you on level 9 of the Dungeon)
 10192 | D:9      | Found Ruoxax's Jewellery Emporium.
 10418 | Lair:1   | Entered Level 1 of the Lair of Beasts
 10788 | Lair:1   | Learned a level 5 spell: Dispel Undead
 11119 | D:9      | Reached skill level 13 in Stealth
 11119 | D:9      | Reached XP level 11. HP: 68/68 MP: 23/23
 11805 | Lair:1   | Reached **** piety under Kikubaaqudgha
 12521 | Lair:2   | Reached skill level 14 in Stealth
 13893 | Lair:2   | Reached ***** piety under Kikubaaqudgha
 14161 | Lair:3   | Noticed a five-headed hydra
 14730 | Lair:3   | Reached XP level 12. HP: 23/74 MP: 25/25
 15490 | Lair:4   | Found a staircase to the Snake Pit.
 15839 | Lair:4   | Reached skill level 10 in Spellcasting
 15916 | Lair:4   | Mangled by a komodo dragon

Skill      XL: |  1  2  3  4  5  6  7  8  9 10 11 12 |
---------------+-------------------------------------+-----
Short Blades   | 2 3 4 |  4.0
Ice Magic      | 1 2 3 4 6 7 8 |  8.0
Stealth        | 5 6 8 9 11 13 14 | 14.1
Hexes          | 5 6 7 8 10 11 | 11.5
Spellcasting   | 3 4 5 7 8 9 10 | 10.0
Necromancy     | 1 4 6 8 9 |  9.4
Evocations     | 1 2 |  2.8
Dodging        | 3 |  3.1

Action                   |  1- 3 |  4- 6 |  7- 9 | 10-12 || total
-------------------------+-------+-------+-------+-------++-------
Melee: Dagger            |   133 |   134 |   305 |   433 ||  1005
       Bite              |     8 |     6 |    23 |    34 ||    71
 Cast: Ensorcelled Hiber |    12 |    12 |    73 |   150 ||   247
       Corona            |     1 |     3 |    33 |    62 ||    99
       Tukima's Dance    |       |       |     6 |     1 ||     7
       Confuse           |       |       |    18 |    40 ||    58
       Invisibility      |       |       |       |     3 ||     3
 Abil: End Transformatio |       |       |     2 |     4 ||     6
       Bat Form          |       |       |     2 |     4 ||     6
  Use: Potion            |     4 |     1 |     2 |    15 ||    22
       Scroll            |       |       |     9 |     5 ||    14
 Stab: Sleeping          |    12 |    20 |    55 |   139 ||   226
       Distracted        |     2 |       |     1 |       ||     3
       Confused          |       |       |    10 |    15 ||    25
  Eat: Corpse            |       |     7 |     7 |    16 ||    30
Armor: Robe              |    30 |    27 |    78 |    56 ||   191
Dodge: Dodged            |    99 |    56 |   179 |   206 ||   540
Block: Other             |       |       |       |    14 ||    14
